 Dungeon Crawl Stone Soup version 0.29-a0-717-g6dac4ea423 (webtiles) character file.

Game seed: 12887751863398109625

346 bande the Chopper (level 6, -3/39 HPs)
             Began as a Gargoyle Fighter on June 27, 2022.
             Killed by divine providence
             ... invoked by an orc priest
              (10 damage)
             ... on level 4 of the Dungeon.
             The game lasted 00:05:33 (3501 turns).

bande the Chopper (Gargoyle Fighter)                Turns: 3501, Time: 00:05:34

Health: -3/39      AC: 14    Str: 20    XL:     6   Next: 59%
Magic:  6/6        EV:  7    Int:  8    God:
Gold:   154        SH:  4    Dex: 11    Spells: 5/5 levels left

rFire   . . .      SeeInvis .   a - +1 war axe
rCold   . . .      Faith    .   c - +0 buckler
rNeg    + . .      Spirit   .   i - +0 chain mail
rPois   ∞          Reflect  .   (no helmet)
rElec   +          Harm     .   (no cloak)
rCorr   .          Rampage  .   (no gloves)
Will    .....                   (no boots)
Stlth   ..........              (no amulet)
HPRegen 0.13/turn               (no ring)
MPRegen 0.10/turn               (no ring)

@: studying Axes
A: sickness immunity, AC +4, negative energy resistance 1, electricity
resistance, torment resistance 1, petrification resistance
a: no special abilities


You were on level 4 of the Dungeon.
You visited 1 branch of the dungeon, and saw 4 of its levels.

You collected 154 gold pieces.

Inventory:

Hand Weapons
 a - a +1 war axe (weapon)
 b - a +0 flail
Armour
 c - a +0 buckler (worn)
 i - a +0 chain mail (worn)
Scrolls
 f - 2 scrolls of teleportation
Potions
 d - a potion of might
 e - 3 potions of cancellation
 g - 3 potions of heal wounds
 h - a potion of lignification {unknown}
 j - a potion of brilliance {unknown}
 k - a potion of ambrosia {unknown}
 l - a potion of flight {unknown}


   Skills:
 + Level 4.3 Fighting
 + Level 6.1 Axes
 + Level 4.6 Armour
 - Level 0.1 Stealth
 + Level 3.9 Shields


You had 5 spell levels left.
You didn't know any spells.
Your spell library contained the following spells:

 Spells                   Type           Power      Damage    Failure   Level
 Summon Small Mammal      Summ           0%         N/A       99%         1
 Passwall                 Tmut/Erth      0%         N/A       100%        2
 Call Canine Familiar     Summ           0%         N/A       100%        3
 Confusing Touch          Hex            0%         N/A       100%        3
 Summon Guardian Golem    Hex/Summ       0%         N/A       100%        3
 Passage of Golubria      Tloc           0%         N/A       100%        4
 Blade Hands              Tmut           0%         N/A       100%        5
 Silence                  Hex/Air        0%         N/A       100%        5
 Yara's Violent Unravell  Hex/Tmut       0%         3d3       100%        5
 Conjure Ball Lightning   Conj/Air       0%         3x3d6     100%        6
 Iron Shot                Conj/Erth      0%         9d1       100%        6
 Enfeeble                 Hex            0%         N/A       100%        7
 Lehudib's Crystal Spear  Conj/Erth      0%         10d2      100%        8


Dungeon Overview and Level Annotations

Branches:
Dungeon (4/15)
 Temple: D:4-7

Altars:


Innate Abilities, Weirdness & Mutations

You are immune to sickness and miasma.
Your stone body is resilient. (AC +4)
You are immune to poison.
You resist negative energy. (rN+)
You are resistant to electric shocks. (rElec)
You are resistant to unholy torment.
You are immune to petrification.


Message History

You're too confused to move!
The orc priest hits you but does no damage.
The orc wizard hits you but does no damage.
You barely miss the orc priest. You miss the orc wizard.
The orc priest calls upon Beogh to heal the orc wizard.
The orc wizard is healed somewhat.
The orc wizard completely misses you.
The orc wizard attacks as you move away!
The orc wizard hits you but does no damage.
The orc priest attacks as you move away!
The orc priest hits you but does no damage.
You bump into the rock wall.
You feel less confused.
The orc priest calls upon Beogh to heal the orc wizard.
The orc wizard's wounds heal themselves!
You slash the orc wizard!
The orc wizard is severely wounded.
You barely miss the orc priest.
The orc priest calls upon Beogh to heal the orc wizard.
The orc wizard is healed somewhat.
You block the orc wizard's attack.
The orc priest mumbles some strange prayers to Beogh against you.
Pain shoots through your body!
The orc wizard hits you but does no damage.
You closely miss the orc wizard.
The orc wizard is moderately wounded.
You hit the orc priest but do no damage.
The orc priest hits you but does no damage.
The orc wizard hits you but does no damage.
You hit the orc wizard.
The orc wizard is severely wounded.
You barely miss the orc priest.
The orc priest calls down the wrath of Beogh upon you.
Beogh smites you!
* * * LOW HITPOINT WARNING * * *
The orc wizard hits you but does no damage.
You miss the orc wizard.
The orc wizard is severely wounded.
You completely miss the orc priest.
The orc priest calls down the wrath of Beogh upon you.
Beogh smites you!
You die...

*,* *,* *.# *,* *,*,* *,*
*,######.# *,* *,*,* # *,*
*,#......#*** *,* *,*,, # *,*
*,#......#*.# *,***,*** # *,*
#,#......##.##*,**,,,,, #
*,*#*####.#......#....,,**,,***
###...,......)).........,,,*,,* *
.............).oo.......,,,>,,* *
################@.....#***,,,,***
......................#***,,,,,,,
........................**,,,,,*,
######...#######..##..#.**,,,,,*,
..# #...# #..#,,.#,**,,,,,*, #.#
#...# #....,,..,,,,,,,*, #.#
#...# #..#..,,.,,,,,,,,,
#.####...#####*#..####,**,*,,*,,,
#.##..........,,...,,,,,,,,,,*,,,


You could see an orc priest and an orc wizard.

Vanquished Creatures
  An ogre (D:4)
  A phantom (D:4)
  An orc priest (D:4)
  An iguana (D:4)
  7 adders
  2 dart slugs
  5 orcs
  6 ball pythons
  7 endoplasms
  5 giant cockroaches
  7 goblins
  5 hobgoblins
  3 quokkas
  6 bats
  5 frilled lizards
  7 kobolds
  2 rats
71 creatures vanquished.

Vanquished Creatures (others)
  12 plants (D:2)
12 creatures vanquished.

Grand Total: 83 creatures vanquished

Notes
Turn   | Place    | Note
-------+----------+-------------------------------------------
     0 | D:1      | bande the Gargoyle Fighter began the quest for the Orb.
     0 | D:1      | Reached XP level 1. HP: 14/14 MP: 1/1
   203 | D:1      | Reached skill level 2 in Axes
   203 | D:1      | Reached XP level 2. HP: 16/19 MP: 2/2
   682 | D:1      | Reached XP level 3. HP: 20/24 MP: 3/3
   860 | D:2      | Identified a scroll of acquirement
   860 | D:2      | Acquired a manual of Axes
   865 | D:2      | You fall into a shaft and drop 1 floor!
   881 | D:3      | Reached skill level 3 in Axes
   901 | D:2      | Reached XP level 4. HP: 10/29 MP: 4/4
  1791 | D:2      | Reached skill level 4 in Axes
  2016 | D:2      | Found a faded altar of an unknown god.
  2513 | D:3      | Got the Reference Book on Shifting Confrontation
  2687 | D:4      | Reached XP level 5. HP: 33/33 MP: 5/5
  2881 | D:4      | Noticed a phantom
  2889 | D:4      | Killed a phantom
  2890 | D:4      | Reached skill level 5 in Axes
  3073 | D:4      | Reached XP level 6. HP: 13/38 MP: 6/6
  3484 | D:4      | Reached skill level 6 in Axes
  3501 | D:4      | Killed from afar by an orc priest

Illustrated notes

Levels and vault maps discovered:
D:1:      heliophobic_arrival_henge, layout_basic, minmay_cut_off
D:2:      layout_loops_corners, dilly_ecumenical_altar_fadedgnrine
D:3:      layout_loops_ring
D:4:      layout_basic, nicolae_overflow_hidden_temple, serial_shops,
          kennysheep_mini, minmay_joined_circles

Skill      XL: |  1  2  3  4  5  6 |
---------------+-------------------+-----
Axes           | 2 3 4 5 6 |  6.1
Fighting       | 4 |  4.3
Armour         | 4 |  4.6
Stealth        | |  0.1
Shields        | |  3.9

Action                   |  1- 3 |  4- 6 || total
-------------------------+-------+-------++-------
Melee: War axe           |    67 |   134 ||   201
  Use: Scroll            |     5 |     3 ||     8
       Potion            |       |     2 ||     2
Armor: Scale mail        |    37 |    19 ||    56
       Chain mail        |       |    89 ||    89
Dodge: Dodged            |    43 |    73 ||   116
Block: Buckler           |    22 |    15 ||    37

Table legend: (Time is in decaauts)
 A = Elapsed time spent in this place.
 B = Non-inter-level travel time spent in this place.
 C = Inter-level travel time spent in this place.
 D = Time resting spent in this place.
 E = Time spent auto-exploring this place.
 F = Levels seen in this place.
 G = Mean time per level.
                   A        B        C        D        E       F      G
               +--------+--------+--------+--------+--------+-----+--------+
         Total |   3570 |   3570 |      0 |    626 |   2323 |   4 |  892.5 |
       Dungeon |   3570 |   3570 |      0 |    626 |   2323 |   4 |  892.5 |
               +--------+--------+--------+--------+--------+-----+--------+

Top non-repeatable levels by time:
     D:2: 1235 daAuts
     D:4: 877 daAuts
     D:1: 873 daAuts
     D:3: 584 daAuts
